cohdb
Replays
Latest Replays
All Replays
Popular Replays
Top Player Replays
Match Explorer
How It Works
Community
CoH3 Stats
Reddit
Sign in to upload your games and track your stats! →
Sign in with Steam
Match 47044897
Unlisted
Match 47044897
Overview
Messages
Build Orders
End
Construct Barracks
Riflemen Squad
1⁄4-ton 4x4 Truck
M1 Mortar Team
Riflemen Squad
Mechanized Support Center
Selects Heavy Weapons
Selects M2HB .50cal Heavy Machine Gun
Riflemen Squad
Selects Assault Carriers
Construct Medical Station
Construct Tank Depot
Selects Exchangeable Parts
Engineer Squad
Designate Forward Repair Station
M4A1 Sherman Medium Tank
M4A1 76mm Conversion
Mortar Pit
M4A1(76) Sherman Medium Tank
Improvised Armor
M4A1(76) Sherman Medium Tank
Selects M26 Pershing Heavy Tank
M26 Pershing Heavy Tank
M4A1(76) Sherman Medium Tank
Riflemen Squad
Rapid Repairs
Bruistablet
Cloud
LOS DIABLES DEL RIOCON LECHE
EL-TERRIBLO-DEMON-DE-LA-MUERTE
poiuy9954
zeroclutter360
巨SSS巨
Zenith
0
0
Comments
sign in to comment!
No comments posted yet!